 Dungeon Crawl Stone Soup version 0.23.1 (webtiles) character file.

Game seed: 8924709676675240507

27 Borgoz the Sneak (level 3, 0/26 HPs)
             Began as a Ghoul Enchanter on Mar 14, 2019.
             Slain by a goblin
             ... wielding a +0 club
              (2 damage)
             ... on level 1 of the Dungeon.
             The game lasted 00:01:22 (944 turns).

Borgoz the Sneak (Ghoul Enchanter)                   Turns: 944, Time: 00:01:23

Health: 0/26       AC:  2    Str: 11    XL:     3   Next: 10%
Magic:  5/5        EV: 11    Int: 10    God:
Gold:   8          SH:  0    Dex: 10    Spells: 5/6 levels left

rFire    . . .     SeeInvis .   a - +1 dagger
rCold    + . .     Gourm    .   (no shield)
rNeg     + + +     Faith    .   e - -1 leather armour (curse)
rPois    ∞         Spirit   .   (no helmet)
rElec    .         Reflect  .   (no cloak)
rCorr    .         Harm     .   (no gloves)
MR       .....                  (no boots)
Stlth    ++........             (no amulet)
HPRegen  0.00/turn              (no ring)
MPRegen  0.09/turn              (no ring)

@: rotting
A: rotting body, claws 1, carnivore, cold resistance 1, negative energy
resistance 3, inhibited regeneration, torment resistance, unbreathing
a: no special abilities


You were on level 1 of the Dungeon.
You were not hungry.

You visited 1 branch of the dungeon, and saw 1 of its levels.

You collected 8 gold pieces.

Inventory:

Hand Weapons
 a - a +1 dagger (weapon)
Armour
 b - a +0 robe
 e - a cursed -1 leather armour (worn)
Comestibles
 d - a ration


   Skills:
 * Level 1.6 Short Blades
 + Level 0.5 Armour
 + Level 2.0 Dodging
 + Level 3.5 Stealth
 + Level 2.0 Spellcasting
 + Level 2.5 Hexes


You had 5 spell levels left.
You knew the following spells:

 Your Spells              Type           Power        Failure   Level  Hunger
a - Corona                Hex            #......      14%         1    ##.....

Your spell library contained the following spells:

 Spells                   Type           Power        Failure   Level  Hunger
 Ensorcelled Hibernation  Hex/Ice        #.....       36%         2    ###....
 Confuse                  Hex            #.......     41%         3    ####...
 Tukima's Dance           Hex            #.......     41%         3    ####...
 Dazzling Spray           Conj/Hex       #.....       58%         3    ####...


Dungeon Overview and Level Annotations

Branches:
Dungeon (1/15)

Altars:


Innate Abilities, Weirdness & Mutations

Your body is rotting away.
You thrive on raw meat.
You are immune to poison.
You have sharp fingernails.
You are carnivorous and can eat meat at any time.
Your flesh is cold resistant. (rC+)
You are immune to negative energy. (rN+++)
You do not regenerate when monsters are visible.
You are immune to unholy pain and torment.
You can survive without breathing.


Message History

The hobgoblin is heavily wounded.
The hobgoblin barely misses you.
Your leather armour prevents you from hitting the hobgoblin.
The hobgoblin is heavily wounded.
The hobgoblin barely misses you.
You hit the hobgoblin.
The hobgoblin is severely wounded.
The hobgoblin hits you.
* * * LOW HITPOINT WARNING * * *
You hit the hobgoblin but do no damage.
The hobgoblin is severely wounded.
The hobgoblin closely misses you.
You hit the hobgoblin but do no damage.
The hobgoblin is severely wounded.
You hit the hobgoblin.
You kill the hobgoblin!
You hit the goblin.
The goblin is severely wounded.
The goblin hits you with a +0 club.
You die...

..............#
..............#
........#.....#
.##...........#
#...........#
#...........#
#...........#
#...........#####
#..>........g@..#
#........######.#
#........# #.#
#...###### #.#
... #.# #.# #.#
##### #.# ...#
#...# #.#


You could see a goblin.

Vanquished Creatures
  2 oozes (D:1)
  2 bats (D:1)
  4 hobgoblins (D:1)
  3 jackals (D:1)
  2 goblins (D:1)
  A kobold (D:1)
  4 rats (D:1)
18 creatures vanquished.

Notes
Turn   | Place    | Note
-------+----------+-------------------------------------------
     0 | D:1      | Borgoz the Ghoul Enchanter began the quest for the Orb.
     0 | D:1      | Reached XP level 1. HP: 14/14 MP: 2/2
    77 | D:1      | Reached skill level 1 in Short Blades
   100 | D:1      | Reached XP level 2. HP: 11/20 MP: 3/3
   872 | D:1      | Reached XP level 3. HP: 6/24 MP: 4/4
   944 | D:1      | Slain by a goblin

Skill      XL: |  1  2  3 |
---------------+----------+-----
Short Blades   | 1 |  1.6
Dodging        | 2 |  2.0
Spellcasting   | 2 |  2.0
Armour         | |  0.5
Stealth        | |  3.5
Hexes          | |  2.5

Action                   || total
-------------------------++-------
Melee: Dagger            ||   104
  Use: Potion            ||     2
 Stab: Sleeping          ||     2
  Eat: Chunk             ||     7
Armor: Leather armour    ||    10
Dodge: Dodged            ||    65
